 Dungeon Crawl Stone Soup version 0.31-a0-236-g9a0961fb85 (webtiles) character file.

Game seed: 12783918233521168241

637 qw the Shooter (level 7, -2/60 HPs)
             Began as a Minotaur Hexslinger on July 10, 2023.
             Slain by a gnoll
             ... wielding a +0 spear
             ... led by a gnoll bouda
              (4 damage)
             ... on level 5 of the Dungeon.
             The game lasted 00:01:27 (3249 turns).

qw the Shooter (Minotaur Hexslinger)                Turns: 3249, Time: 00:01:27

Health: -2/60      AC:  5    Str: 12    XL:     7   Next: 25%
Magic:  7/7        EV: 17    Int: 10    God:
Gold:   318        SH:  0    Dex: 15    Spells: 7/8 levels left

rFire   . . .        Y - +5 sling
rCold   + . .        (no shield)
rNeg    + . .        c - +0 robe {rC+}
rPois   .            d - +2 hat
rElec   .            e - +0 cloak
rCorr   .            (no gloves)
SInv    .            (no boots)
Will    .....        (no amulet)
Stlth   +            i - +5 ring of evasion
HPRegen 0.30/turn    b - ring of positive energy
MPRegen 0.10/turn

%: no passive effects
@: about to teleport
A: horns 2, retaliatory headbutt
a: no special abilities


You were on level 5 of the Dungeon.
You visited 1 branch of the dungeon, and saw 5 of its levels.

You collected 318 gold pieces.


Innate Abilities, Weirdness & Mutations

You have a pair of horns on your head.
You reflexively headbutt those who attack you in melee.


   Skills:
 - Level 4.3 Fighting
 + Level 7.7 Ranged Weapons
 - Level 2.0 Armour
 - Level 2.1 Dodging
 - Level 1.0 Spellcasting
 - Level 2.0 Hexes


You had 7 spell levels left.
You knew the following spells:

 Your Spells              Type           Power      Damage    Failure   Level
a - Slow                  Hex            16%        N/A       16%         1

Your spell library contained the following spells:

 Spells                   Type           Power      Damage    Failure   Level
 Inner Flame              Hex/Fire       2%         N/A       56%         3
 Portal Projectile        Hex/Tloc       4%         N/A       56%         3
 Cause Fear               Hex            2%         N/A       83%         4

Inventory:

Hand Weapons
 Y - a +5 sling (weapon)
Armour
 c - a +0 robe of cold resistance (worn)
 d - a +2 hat (worn)
 e - a +0 cloak (worn)
 n - a +0 ring mail
Jewellery
 b - a ring of positive energy (right hand)
 f - a ring of fire
 i - a +5 ring of evasion (left hand)
 o - a ring of ice
Scrolls
 a - 2 scrolls of identify
Potions
 h - a potion of curing
 j - 2 potions of lignification {unknown}
 l - a potion of cancellation {unknown}

Dungeon Overview and Level Annotations

Branches:
Dungeon (5/15)
 Temple: D:4-7

Altars:
Yredelemnul

Annotations:
D:3 1 runed translucent door, Crazy Yiuf


Message History

The gnoll barely misses you. The gnoll completely misses you.
The gnoll hits you from afar with a +0 spear.
You shoot a sling bullet.
The sling bullet closely misses the gnoll.
The gnoll is no longer moving quickly.
The gnoll barely misses you.
The gnoll hits you from afar with a +0 spear. x2
You shoot a sling bullet. The sling bullet hits the gnoll!
You kill the gnoll!
An orc comes into view. It is wielding a +0 club.
The gnoll barely misses you. x2
You shoot a sling bullet.
The sling bullet barely misses the gnoll.
The gnoll hits you from afar with a +0 spear!
The gnoll hits you from afar with a +0 spear.
You shoot a sling bullet. The sling bullet hits the gnoll.
The gnoll is moderately wounded.
The gnoll closely misses you.
The gnoll hits you from afar with a +0 spear.
You shoot a sling bullet.
The sling bullet barely misses the gnoll.
The gnoll hits you from afar with a +0 spear.
The gnoll closely misses you.
You shoot a sling bullet.
The sling bullet hits the gnoll but does no damage.
The gnoll is moderately wounded.
The gnoll closely misses you. The gnoll hits you but does no damage.
You shoot a sling bullet. The sling bullet hits the gnoll!
The gnoll is almost dead.
The gnoll is no longer moving quickly.
The gnoll hits you from afar with a +0 spear.
The gnoll hits you from afar with a +0 spear!
3248 ||| READING scroll of teleportation.
As you read the scroll of teleportation, it crumbles to dust.
You feel strangely unstable.
The gnoll hits you from afar with a +0 spear.
The gnoll barely misses you.
You shoot a sling bullet. The sling bullet barely misses the orc.
The orc hits you with a +0 club.
The gnoll hits you from afar with a +0 spear.
You die...

..#....###
...........#
...........##
........#..####
#............#
#............##
#.#..gg....>....##
.......).).......#
......o@.#.......#
.......###.......#
.....%..#....#####
........##...######
...............#..##
#..................#
##..........>......#
##................#
............####


You could see 2 gnolls and an orc.

Vanquished Creatures
  2 necrophages (D:4)
  3 wights (D:4)
  A centaur zombie (D:4)
  A human zombie (D:4)
  A gnoll bouda (D:5)
  An orc priest (D:4)
  A scorpion zombie (D:4)
  2 mummies (D:4)
  2 gnolls (D:5)
  8 adders
  A worm (D:2)
  A dart slug (D:4)
  9 orcs
  11 endoplasms
  2 giant cockroaches
  8 goblins
  8 hobgoblins
  A jackal (D:1)
  5 kobolds
  3 quokkas
  5 ball pythons
  3 bats
  4 frilled lizards
  2 quokka zombies (D:4)
  4 rats
89 creatures vanquished.

Notes
Turn   | Place    | Note
-------+----------+-------------------------------------------
     0 | D:1      | qw the Minotaur Hexslinger began the quest for the Orb.
     0 | D:1      | Reached XP level 1. HP: 16/16 MP: 1/1
     0 | D:1      | 0 ||| qw: Version: 0.3-a-52-g30416fa
     0 | D:1      | 0 ||| qw: Game counter: 4551
     0 | D:1      | 0 ||| qw: Melee chars always use a shield: true
     0 | D:1      | 0 ||| qw: God list: Okawaru
     0 | D:1      | 0 ||| qw: Allow faded altars: false
     0 | D:1      | 0 ||| qw: Do Orc after clearing Dungeon:15 true
     0 | D:1      | 0 ||| qw: Do second Lair branch before Depths: true
     0 | D:1      | 0 ||| qw: Lair rune preference: random
     0 | D:1      | 0 ||| qw: Goals: Normal
     0 | D:1      | 0 ||| PLANNING D:1-11
   149 | D:1      | 149 ||| FLEEEEING.
   150 | D:1      | 150 ||| FLEEEEING.
   160 | D:1      | Reached skill level 3 in Ranged Weapons
   185 | D:1      | Reached XP level 2. HP: 23/23 MP: 2/2
   219 | D:1      | Found a faded altar of an unknown god.
   633 | D:1      | 633 ||| UPGRADING to +5 ring of evasion.
   634 | D:1      | 634 ||| READING scroll labelled NOJOJO JETSEH.
   635 | D:1      | 635 ||| READING scroll labelled NEASUN FOUSTRA.
   636 | D:1      | 636 ||| READING scroll labelled COFOHIWISMOUQA.
   637 | D:1      | 637 ||| READING scroll labelled ZIZUWOTUIN.
   638 | D:1      | 638 ||| DROPPING scroll of poison.
   717 | D:2      | Reached XP level 3. HP: 29/29 MP: 3/3
   769 | D:2      | Reached skill level 4 in Ranged Weapons
   894 | D:2      | 894 ||| READING scroll of enchant weapon.
   894 | D:2      | 894 ||| ENCHANTING +2 sling.
   954 | D:2      | Reached XP level 4. HP: 36/36 MP: 4/4
  1311 | D:2      | 1311 ||| UPGRADING to +0 cloak.
  1316 | D:2      | 1316 ||| UPGRADING to ring of positive energy.
  1317 | D:2      | 1317 ||| DROPPING ring of magical power.
  1318 | D:2      | 1318 ||| READING scroll labelled AGINIZXENWO.
  1319 | D:2      | 1319 ||| READING scroll labelled HINOXE BIET.
  1490 | D:3      | Reached skill level 5 in Ranged Weapons
  1746 | D:3      | 1746 ||| READING scroll of enchant weapon.
  1746 | D:3      | 1746 ||| ENCHANTING +3 sling.
  1795 | D:3      | Found a runed translucent door.
  1796 | D:3      | Noticed Crazy Yiuf
  1873 | D:3      | Reached skill level 3 in Fighting
  2060 | D:3      | 2060 ||| UPGRADING to +0 leather armour.
  2070 | D:3      | 2070 ||| DROPPING +0 robe.
  2071 | D:3      | 2071 ||| UPGRADING to +2 hat.
  2076 | D:3      | 2076 ||| UPGRADING to +0 ring mail.
  2086 | D:3      | 2086 ||| DROPPING +0 leather armour.
  2087 | D:3      | 2087 ||| READING scroll labelled BOZ POCYELOARO.
  2088 | D:3      | 2088 ||| READING scroll labelled XAHOIW SUAG.
  2089 | D:3      | 2089 ||| READING scroll labelled ZEUSATZEALA.
  2090 | D:3      | 2090 ||| DRINKING 2 fizzy green potions.
  2177 | D:4      | Reached XP level 5. HP: 45/45 MP: 5/5
  2503 | D:4      | Reached skill level 6 in Ranged Weapons
  2503 | D:4      | Reached XP level 6. HP: 20/51 MP: 6/6
  2841 | D:4      | Found a basalt altar of Yredelemnul.
  2865 | D:4      | Reached skill level 7 in Ranged Weapons
  3066 | D:4      | Reached XP level 7. HP: 59/60 MP: 7/7
  3119 | D:4      | 3119 ||| UPGRADING to +0 robe of cold resistance.
  3159 | D:5      | Entered Level 5 of the Dungeon
  3196 | D:5      | 3196 ||| READING scroll of enchant weapon.
  3196 | D:5      | 3196 ||| ENCHANTING +4 sling.
  3247 | D:5      | HP: 9/60 [gnoll/+0 spear[a gnoll bouda] (8)]
  3248 | D:5      | 3248 ||| READING scroll of teleportation.
  3249 | D:5      | HP: 2/60 [orc/+0 club (3)]
  3249 | D:5      | Slain by a gnoll

Levels and vault maps discovered:
D:1:      dpeg_arrival_short_road, layout_rooms,
          hellmonk_ecumenical_altar_run_dry, serial_forest,
          infiniplex_forest_lined_room_3, infiniplex_forest_lined_corner,
          infiniplex_forest_clump_long, infiniplex_forest_straight_2,
          infiniplex_forest_lined_corner, infiniplex_forest_lined_3,
          infiniplex_forest_clump_tiny, infiniplex_forest_end_double,
          infiniplex_forest_end_2, infiniplex_forest_lined_corner,
          minmay_misc_feat_plants, minmay_pentomino_o4
D:2:      wander_river, layout_basic
D:3:      layout_basic, uniq_crazy_yiuf_cottage
D:4:      layout_basic, lemuel_mausoleum_altar_yredelemnul, solitary_fountain
D:5:      layout_cave_pools, serial_shops, shop_fountains, uniq_ijyb

Skill      XL: |  1  2  3  4  5  6 |
---------------+-------------------+-----
Ranged Weapons | 3 4 5 6 7 |  7.7
Fighting       | 2 3 4 |  4.3
Armour         | 2 |  2.0
Dodging        | |  2.1
Spellcasting   | |  1.0
Hexes          | |  2.0

Action                     |  1- 3 |  4- 6 |  7- 9 || total
---------------------------+-------+-------+-------++-------
   Fire: Sling             |    97 |   181 |    46 ||   324
    Use: Scroll            |     5 |     6 |     2 ||    13
         Potion            |       |     1 |       ||     1
 Armour: Robe              |     4 |     2 |     3 ||     9
         Ring mail         |       |    17 |     7 ||    24
  Dodge: Dodged            |    21 |    69 |    39 ||   129

Table legend:
 A = Non-vault XP
 B = Vault XP
 C = Vault XP percentage of total XP
 D = Non-vault monster count
 E = Vault monster count
 F = Vault count percentage of total count
                 A         B        C        D         E       F
            +---------+---------+-------+---------+---------+-------
      Total |     343 |     567 |  62.3 |      75 |      14 |  15.7
            +---------+---------+-------+---------+---------+-------
        D:1 |      30 |       4 |  11.8 |      18 |       2 |  10.0
        D:2 |      83 |       0 |   0.0 |      18 |       0 |   0.0
        D:3 |      71 |       0 |   0.0 |      18 |       0 |   0.0
        D:4 |      73 |     563 |  88.5 |      16 |      12 |  42.9
        D:5 |      86 |       0 |   0.0 |       5 |       0 |   0.0
            +---------+---------+-------+---------+---------+-------
